 Dungeon Crawl Stone Soup version 0.28.0 (webtiles) character file.

Game seed: 13281093689405531356

25 RighteousDevil the Conjurer (level 2, -1/23 HPs)
             Began as a Draconian Conjurer on Feb 15, 2022.
             Was a Believer of Uskayaw.
             Frozen to death by an endoplasm (3 damage)
             ... on level 1 of the Dungeon.
             The game lasted 00:01:17 (710 turns).

RighteousDevil the Conjurer (Draconian Conjurer)     Turns: 710, Time: 00:01:18

Health: -1/23      AC:  4    Str:  9    XL:     2   Next: 86%
Magic:  5/5        EV: 12    Int: 18    God:    Uskayaw [**....]
Gold:   29         SH:  0    Dex:  9    Spells: 4/5 levels left

rFire   . . .      SeeInvis .   d - +0 short sword (venom)
rCold   . . .      Faith    .   (no shield)
rNeg    . . .      Spirit   .   (armour unavailable)
rPois   .          Reflect  .   (helmet restricted)
rElec   .          Harm     .   (no cloak)
rCorr   .          Rampage  .   (no gloves)
Will    +....                   (no boots)
Stlth   ++........              (no amulet)
HPRegen 0.07/turn               b - ring of willpower
MPRegen 0.09/turn               (no ring)

@: mighty, slowed, very slow
A: AC +4, unfitting armour, cold-blooded
a: Renounce Religion, Stomp, Line Pass


You were on level 1 of the Dungeon.
You worshipped Uskayaw.
Uskayaw was noncommittal.
You visited 1 branch of the dungeon, and saw 1 of its levels.

You collected 29 gold pieces.

Inventory:

Hand Weapons
 d - a +0 short sword of venom (weapon)
Missiles
 a - a silver boomerang (quivered)
Jewellery
 b - a ring of willpower (left hand)
Scrolls
 c - a scroll of identify {unknown}
 e - 2 scrolls of blinking {unknown}


   Skills:
 + Level 1.4 Fighting
 - Level 1.7 Dodging
 - Level 1.7 Stealth
 + Level 2.4 Spellcasting
 + Level 4.3 Conjurations


You had 4 spell levels left.
You knew the following spells:

 Your Spells              Type           Power      Damage    Failure   Level
a - Magic Dart            Conj           68%        1d6       3%          1

Your spell library contained the following spells:

 Spells                   Type           Power      Damage    Failure   Level
 Searing Ray              Conj           34%        2d5       4%          2
 Dazzling Flash           Conj/Hex       20%        N/A       22%         3
 Fulminant Prism          Conj/Hex       5%         3d7       56%         4
 Iskenderun's Mystic Bla  Conj/Tloc      10%        2d4       56%         4


Dungeon Overview and Level Annotations

Branches:
Dungeon (1/15)

Altars:
Uskayaw


Innate Abilities, Weirdness & Mutations

Your plain brown scales are hard. (AC +4)
You cannot fit into any form of body armour.
You are cold-blooded and may be slowed by cold attacks.


Message History

The jackal bites you. x2
You hit the jackal but do no damage.
The jackal looks as sick as possible!
The jackal bites you but does no damage.
You barely miss the jackal.
The jackal is lightly wounded.
The jackal bites you but does no damage. x2
You hit the jackal.
The jackal looks as sick as possible!
The jackal is almost dead.
You kill the jackal!
You hit the endoplasm. You punch the endoplasm.
The endoplasm is almost dead.
The endoplasm hits you.
You can now pass through a line of other dancers.
You are too injured to fight recklessly!
You are too injured to fight recklessly!
You are too injured to fight recklessly!
You are too injured to fight recklessly!
You are too injured to fight recklessly!
You hit the endoplasm but do no damage.
The endoplasm is almost dead.
The endoplasm closely misses you.
You barely miss the endoplasm.
The endoplasm is almost dead.
The endoplasm hits you. The endoplasm freezes you.
You are frozen.
* * * LOW HITPOINT WARNING * * *
You feel yourself slow down.
It was a potion of might.
You feel very mighty all of a sudden. The endoplasm closely misses you.
You barely miss the endoplasm.
The endoplasm is severely wounded.
The endoplasm freezes you.
You are frozen.
* * * LOW HITPOINT WARNING * * *
You feel as though you will be slow longer.
The endoplasm freezes you.
You are frozen.
You die...

. #. #.# ..#
#.## #.######
#......#
##.####.########
#.###@##
#........#
#..gJ##
########.#
.....#.## #.#
... ... #.# .
...## #.# ##.#
### #.# #.
##.####.# #
#.......#
##.######


You could see a gnoll and an endoplasm.

Vanquished Creatures
  A dart slug (D:1)
  A ball python (D:1)
  A bat (D:1)
  2 endoplasms (D:1)
  A goblin (D:1)
  2 hobgoblins (D:1)
  7 jackals (D:1)
  3 kobolds (D:1)
  A frilled lizard (D:1)
19 creatures vanquished.

Notes
Turn   | Place    | Note
-------+----------+-------------------------------------------
     0 | D:1      | RighteousDevil the Draconian Conjurer began the quest for
                  | the Orb.
     0 | D:1      | Reached XP level 1. HP: 14/14 MP: 3/3
   101 | D:1      | Found a faded altar of an unknown god.
   131 | D:1      | Reached XP level 2. HP: 16/22 MP: 1/5
   290 | D:1      | Reached skill level 1 in Fighting
   318 | D:1      | Prayed at the altar of an unknown god.
   318 | D:1      | Became a worshipper of Uskayaw the Reveller
   318 | D:1      | Reached * piety under Uskayaw
   325 | D:1      | Reached ** piety under Uskayaw
   327 | D:1      | Reached *** piety under Uskayaw
   710 | D:1      | Frozen to death by an endoplasm

Illustrated notes

Levels and vault maps discovered:
D:1:      dpeg_arrival_more_subterranean_lakeside_camping, layout_loops_ring,
          ebering_ecumenical_altar_sacrificial

Skill      XL: |  1  2 |
---------------+-------+-----
Fighting       | 1 |  1.4
Dodging        | |  1.7
Stealth        | |  1.7
Spellcasting   | |  2.4
Conjurations   | |  4.3

Action                   || total
-------------------------++-------
Melee: Unarmed           ||     3
       Short sword       ||    38
       Tailslap          ||     7
       Punch             ||     1
Throw: Boomerang         ||    17
 Cast: Magic Dart        ||     7
  Use: Potion            ||     1
Armor: Skin              ||    20
Dodge: Dodged            ||    40
